 Dungeon Sprint DCSS version 0.27.1-33-g824d729ab1 (webtiles) character file.

Game seed: 11981574757473324158

5259 Hipnos the Basher (level 10, -1/75 HPs)
             Began as a Gargoyle Berserker on Dec 2, 2021.
             Was a High Priest of Trog.
             Slain by a 12-headed hydra (4 damage)
             ... in the Dungeon (Sprint I: "Red Sonja").
             The game lasted 00:06:32 (1481 turns).

Hipnos the Basher (Gargoyle Berserker)              Turns: 1481, Time: 00:06:33

Health: -1/75      AC: 27    Str: 23    XL:     10   Next: 62%
Magic:  10/10      EV: 10    Int:  9    God:    Trog [*****.]
Gold:   571        SH:  7    Dex:  9    Spells: 9/9 levels left

rFire    . . .     SeeInvis .   a - +0 mace
rCold    + . .     Faith    .   l - +2 buckler
rNeg     + . .     Spirit   .   d - +3 chain mail {rC+}
rPois    ∞         Reflect  .   (no helmet)
rElec    +         Harm     .   k - +0 cloak
rCorr    .         Rampage  .   o - +0 pair of gloves
Will     ++...     NoTele   +   n - +0 pair of boots
Stlth    ..........             (no amulet)
HPRegen  1.22/turn              (no ring)
MPRegen  0.12/turn              (no ring)

@: strong-willed, regenerating
A: sickness immunity, AC +7, negative energy resistance 1, electricity
resistance, torment resistance 1, petrification resistance
a: Renounce Religion, Berserk, Trog's Hand, Brothers in Arms


You were in the Dungeon.
You worshipped Trog.
Trog was extremely pleased with you.
You visited 1 branch You collected 972 gold pieces.
You spent 401 gold pieces at shops.

Inventory:

Hand Weapons
 a - a +0 mace (weapon)
 q - a +0 flail
 r - the +5 flail "Seofoam" {flame, Fragile rC++ rN+ Dex+2}
   (Trog gifted it to you in the Dungeon)

   It burns those it strikes, dealing additional fire damage.
   Dex:       It affects your dexterity (+2).
   rC:        It greatly protects you from cold.
   rN:        It protects you from negative energy.
   Fragile:   It will be destroyed if unequipped.
Armour
 b - a +0 animal skin
 d - a +3 chain mail of cold resistance (worn)
 j - a +0 chain mail
 k - a +0 cloak (worn)
 l - a +2 buckler (worn)
 n - a +0 pair of boots (worn)
 o - a +0 pair of gloves (worn)
Wands
 i - a wand of flame (4)
Scrolls
 h - a scroll of blinking
 p - a scroll of enchant armour {unknown}
Potions
 c - 3 potions of curing
 e - a potion of haste
 f - 2 potions of magic
 g - a potion of berserk rage
 m - a potion of mutation {unknown}


   Skills:
 + Level 14.0 Fighting
 + Level 14.7 Maces & Flails
 + Level 12.9 Armour
 + Level 6.9 Dodging
 + Level 0.6 Stealth
 - Level 5.5 Shields


You had 9 spell levels left.
You didn't know any spells.
Your spell library was empty.

Dungeon Overview and Level Annotations

Branches:
Dungeon (1/1)

Altars:
Cheibriados
Dithmenos
Elyvilon
Fedhas
Gozag
Hepliaklqana
Kikubaaqudgha
Makhleb
Nemelex Xobeh
Okawaru
Qazlal
Ru
Sif Muna
Trog
Uskayaw
Vehumet
Wu Jian
Xom
Yredelemnul
Zin
The Shining One
Jiyva
Lugonu

Shops:
D :[[


Innate Abilities, Weirdness & Mutations

You are immune to sickness and miasma.
Your stone body is resilient. (AC +7)
You are immune to poison.
You resist negative energy. (rN+)
You are resistant to electric shocks. (rElec)
You are resistant to unholy torment.
You are immune to petrification.


Message History

Okay, then.
Your skin crawls.
You feel strong-willed.
The 12-headed hydra bites you but does no damage.
The 12-headed hydra bites you!
* * * LOW HITPOINT WARNING * * *
The 12-headed hydra bites you but does no damage. x2
You block the 12-headed hydra's attack. x3
The 12-headed hydra bites you but does no damage.
The 12-headed hydra barely misses you.
The 12-headed hydra bites you but does no damage. x2
The 12-headed hydra bites you!
* * * LOW HITPOINT WARNING * * *
The floating eye's view fixates on you.
There is an open door here.
Items here: †††††††.
There is an open door here.
There is an open door here.
The floating eye gazes piercingly through you!
You suddenly lose the ability to move!
The 12-headed hydra bites you but does no damage. x3
The 12-headed hydra barely misses you.
The 12-headed hydra bites you but does no damage. x2
The 12-headed hydra bites you!
* * * LOW HITPOINT WARNING * * *
The 12-headed hydra bites you.
* * * LOW HITPOINT WARNING * * *
The 12-headed hydra bites you but does no damage.
The 12-headed hydra bites you.
* * * LOW HITPOINT WARNING * * *
The 12-headed hydra bites you but does no damage. x2
The floating eye's view fixates on you.
You can move again.
Your deep troll goes berserk!
You block the 12-headed hydra's attack. The 12-headed hydra bites you.
* * * LOW HITPOINT WARNING * * *
The 12-headed hydra closely misses you.
The 12-headed hydra bites you but does no damage. x2
The 12-headed hydra bites you.
You die...

#################################
.#..'..#__#..'...#.(#§G§GG.§.§.§'
.').#..'..'.)#...##§#§####§.§§§##
'#####'#__####.T@DG§#§# ##§..##
.#...#[#### #####§§§§# ###+#
##..##)# ##+#### _##'#_.+ #°...^#
..'..._# #°○.^°+ _##_.#'# ###...#
_###'#)# ### #^°^#
####)####+###(## #..##
..'...'[....')∩# #..#


You could see a 12-headed hydra (ally target), a floating eye (charged) and a
friendly deep troll (summoned, berserk).

Vanquished Creatures
  Sonja (D)
  A deep troll (D)
  A gargoyle (D)
  2 kobold demonologists (D)
  2 demonic crawlers (D)
  A slime creature (D)
  Sigmund (D)
  13 hogs (D)
  A yak (D)
  A floating eye (D)
  An ogre (D)
  A jelly (D)
  Ijyb (D)
27 creatures vanquished.

Vanquished Creatures (collateral kills)
  A lindwurm (D)
  2 demonic crawlers (D)
3 creatures vanquished.

Vanquished Creatures (others)
  A gargoyle (D)
  2 ballistomycete spores (D)
3 creatures vanquished.

Grand Total: 33 creatures vanquished

Notes
Turn   | Place    | Note
-------+----------+-------------------------------------------
     0 | D        | Hipnos the Gargoyle Berserker began the quest for the Orb.
     0 | D        | Reached XP level 1. HP: 14/14 MP: 1/1
     1 | D        | Noticed Ijyb
     9 | D        | Killed Ijyb
    10 | D        | Reached skill level 5 in Fighting
    10 | D        | Reached XP level 2. HP: 7/21 MP: 2/2
   228 | D        | Noticed an ogre
   232 | D        | Killed an ogre
   233 | D        | Reached XP level 3. HP: 28/28 MP: 3/3
   233 | D        | Reached XP level 4. HP: 34/34 MP: 4/4
   297 | D        | Noticed Sigmund
   299 | D        | Killed a gargoyle
   313 | D        | Killed Sigmund
   313 | D        | Reached ** piety under Trog
   314 | D        | Reached skill level 5 in Armour
   314 | D        | Reached XP level 5. HP: 20/41 MP: 5/5
   314 | D        | Reached XP level 6. HP: 23/46 MP: 6/6
   523 | D        | Found an ornate altar of the Wu Jian Council.
   523 | D        | Found a shimmering blue altar of Sif Muna.
   525 | D        | Found a radiant altar of Vehumet.
   699 | D        | Found Mucrais's Antique Armour Emporium.
   699 | D        | Found an ancient bone altar of Kikubaaqudgha.
   699 | D        | Found a hazy altar of Hepliaklqana.
   699 | D        | Found a hide-covered altar of Uskayaw.
   699 | D        | Found a basalt altar of Yredelemnul.
   699 | D        | Found an opulent altar of Gozag.
   699 | D        | Found a snail-covered altar of Cheibriados.
   699 | D        | Found a sacrificial altar of Ru.
   699 | D        | Found a shadowy altar of Dithmenos.
   699 | D        | Noticed a yak
   704 | D        | Killed a yak
   705 | D        | Reached skill level 10 in Fighting
   705 | D        | Reached XP level 7. HP: 52/52 MP: 7/7
   705 | D        | Found a stormy altar of Qazlal.
   705 | D        | Found a blossoming altar of Fedhas.
   705 | D        | Found a bloodstained altar of Trog.
   705 | D        | Found an iron altar of Okawaru.
   705 | D        | Found a glowing golden altar of the Shining One.
   705 | D        | Found a glowing silver altar of Zin.
   705 | D        | Found a white marble altar of Elyvilon.
   718 | D        | Found a sparkling altar of Nemelex Xobeh.
   722 | D        | Bought a shiny chain mail for 172 gold pieces
   722 | D        | Bought a cloak for 103 gold pieces
   751 | D        | Found a burning altar of Makhleb.
   751 | D        | Found a viscous altar of Jiyva.
   751 | D        | Found a shimmering altar of Xom.
   751 | D        | Found a corrupted altar of Lugonu.
   751 | D        | Noticed a slime creature
   761 | D        | Killed a slime creature
   761 | D        | Reached *** piety under Trog
   762 | D        | Reached skill level 10 in Maces & Flails
   818 | D        | Noticed a kobold demonologist
   819 | D        | Noticed an orange demon
   819 | D        | Noticed a kobold demonologist
   820 | D        | Noticed a neqoxec
   821 | D        | Paralysed by a floating eye for 4 turns
   826 | D        | Noticed a ynoxinul
   856 | D        | Killed a kobold demonologist
   857 | D        | Reached skill level 5 in Dodging
   857 | D        | Reached XP level 8. HP: 28/60 MP: 8/8
   859 | D        | Noticed a smoke demon
   861 | D        | Noticed a hellwing
   865 | D        | Killed a kobold demonologist
   865 | D        | Reached **** piety under Trog
  1032 | D        | Noticed Sonja
  1047 | D        | Killed Sonja
  1048 | D        | Reached skill level 10 in Armour
  1048 | D        | Reached XP level 9. HP: 65/65 MP: 9/9
  1065 | D        | Found Idyfytelo's Book Boutique.
  1126 | D        | Noticed a deep troll
  1142 | D        | Killed a deep troll
  1152 | D        | Found Wiubo's Armour Emporium.
  1156 | D        | Bought a +0 pair of boots for 63 gold pieces
  1156 | D        | Bought a +0 pair of gloves for 63 gold pieces
  1193 | D        | Noticed a demonic crawler
  1193 | D        | Noticed a demonic crawler
  1193 | D        | Noticed a demonic crawler
  1193 | D        | Noticed a demonic crawler
  1198 | D        | Killed a demonic crawler
  1202 | D        | Killed a demonic crawler
  1204 | D        | Killed a demonic crawler
  1206 | D        | Killed a demonic crawler
  1220 | D        | Noticed a lindwurm
  1223 | D        | Killed a lindwurm
  1224 | D        | Reached skill level 5 in Shields
  1290 | D        | Noticed a gargoyle
  1301 | D        | Killed a gargoyle
  1301 | D        | Reached ***** piety under Trog
  1302 | D        | Reached XP level 10. HP: 73/73 MP: 10/10
  1376 | D        | Identified the +5 flail "Seofoam" {flame, Fragile rC++ rN+
                  | Dex+2} (Trog gifted it to you in the Dungeon)
  1376 | D        | Received a gift from Trog
  1461 | D        | Noticed a 12-headed hydra
  1463 | D        | HP: 3/75 [12-headed hydra (7)]
  1479 | D        | Paralysed by a floating eye for 2 turns
  1481 | D        | HP: 3/75 [12-headed hydra (5)]
  1481 | D        | Slain by a 12-headed hydra

Illustrated notes

Levels and vault maps discovered:
D:        dungeon_sprint_1 [red_sonja_temple_1, red_sonja_temple_small_1]

Skill      XL: |  1  2  3  4  5  6  7  8  9 10 |
---------------+-------------------------------+-----
Fighting       | 5 7 9 10 11 12 13 14 | 14.0
Maces & Flails | 4 6 8 9 11 12 13 14 | 14.7
Dodging        | 2 3 4 5 6 |  6.9
Armour         | 3 5 6 8 10 11 12 | 12.9
Shields        | 5 |  5.5
Stealth        | |  0.6

Action                   |  1- 3 |  4- 6 |  7- 9 | 10-12 || total
-------------------------+-------+-------+-------+-------++-------
Melee: Mace              |     8 |    22 |    90 |   110 ||   230
Invok: Berserk           |     2 |     2 |     6 |       ||    10
       Trog's Hand       |       |       |     3 |     1 ||     4
       Brothers in Arms  |       |       |     1 |     1 ||     2
  Use: Potion            |       |     1 |       |       ||     1
Armor: Chain mail        |       |     2 |   161 |    54 ||   217
Dodge: Dodged            |     3 |     6 |    88 |    22 ||   119
Block: Buckler           |       |       |     7 |    33 ||    40
